[ AOE2 MATCH · #506113543 ]
UnrankedSpanish vs Huns
Player's team · LOSS
Rival team · WIN
[ REPLAY ANALYSIS · EXTRACTED FROM THE RECORDED GAME ]
Feudal
10:55
Castle
17:21
Imperial
—
| APM avg | 79.9 |
| APM peak | 151 |
| eAPM avg | 31.2 |
| Villagers / military | 66 / 23 |
Focus
⚔️ 21.2% · 🌾 78.8%
Conquistador ×21 · Mangonel ×2
Feudal
9:55
Castle
23:42
Imperial
—
| APM avg | 50.8 |
| APM peak | 93 |
| eAPM avg | 19.4 |
| Villagers / military | 86 / 36 |
Focus
⚔️ 25.3% · 🌾 74.7%
Archer ×34 · Skirmisher ×2
Match map
Initial resources + every placement click. Lines = walls · curves = elevation contours. ◆ gold · ⬟ stone · ● berries · ✦ relic · ◌ wall gap
Your base· Open — unwalled flank
SL-rooike's base· Open — unwalled flank
Smoothed initial terrain · ◌ = detected wall gap · hover for details
Inputs per minute
— Penéfago - - SL-rooike
Build order — Penéfago
First 150 of 188 actions detected
| 0:00 | Queue | Villager (Male) |
| 0:00 | Queue | Villager (Male) |
| 0:01 | Queue | Villager (Male) |
| 0:02 | Build | House |
| 0:03 | Build | House |
| 0:21 | Queue | Villager (Male) |
| 0:22 | Queue | Villager (Male) |
| 1:24 | Queue | Villager (Male) |
| 1:24 | Queue | Villager (Male) |
| 1:45 | Build | Lumber Camp |
| 1:57 | Queue | Villager (Male) |
| 1:58 | Queue | Villager (Male) |
| 2:20 | Queue | Villager (Male) |
| 2:20 | Queue | Villager (Male) |
| 2:49 | Queue | Villager (Male) |
| 2:49 | Queue | Villager (Male) |
| 3:14 | Queue | Villager (Male) |
| 3:37 | Queue | Villager (Male) |
| 3:38 | Queue | Villager (Male) |
| 4:01 | Build | House |
| 4:05 | Queue | Villager (Male) |
| 4:24 | Queue | Villager (Male) |
| 4:24 | Queue | Villager (Male) |
| 4:50 | Queue | Villager (Male) |
| 5:00 | Build | Mill |
| 5:33 | Build | Palisade Wall |
| 5:37 | Queue | Villager (Male) |
| 5:46 | Build | House |
| 5:47 | Build | Palisade Wall |
| 6:07 | Build | Palisade Wall |
| 6:08 | Queue | Villager (Male) |
| 6:09 | Queue | Villager (Male) |
| 6:30 | Queue | Villager (Male) |
| 6:46 | Queue | Villager (Male) |
| 7:01 | Queue | Villager (Male) |
| 7:13 | Build | Mill |
| 7:47 | Queue | Villager (Male) |
| 7:52 | Research | Loom |
| 8:09 | Build | House |
| 8:18 | Build | Palisade Wall |
| 8:20 | Build | Palisade Wall |
| 8:32 | Build | Farm |
| 8:35 | Build | Farm |
| 8:36 | Research | Feudal Age |
| 8:37 | Research | Feudal Age |
| 8:40 | Build | Farm |
| 8:55 | Build | Palisade Wall |
| 8:56 | Build | Palisade Wall |
| 9:15 | Build | Palisade Wall |
| 9:20 | Build | Palisade Wall |
| 9:25 | Queue | Villager (Male) |
| 9:31 | Build | Palisade Wall |
| 9:47 | Build | Palisade Wall |
| 9:49 | Build | Palisade Wall |
| 9:53 | Queue | Villager (Male) |
| 9:56 | Build | Farm |
| 10:02 | Build | Farm |
| 10:08 | Build | Farm |
| 10:38 | Queue | Villager (Male) |
| 10:55 | Age | Feudal Age |
| 10:58 | Build | Market |
| 11:00 | Queue | Villager (Male) |
| 11:43 | Build | Lumber Camp |
| 11:51 | Queue | Villager (Male) |
| 11:58 | Queue | Villager (Male) |
| 12:14 | Build | Watch Tower |
| 12:24 | Queue | Villager (Male) |
| 12:42 | Queue | Villager (Male) |
| 12:51 | Build | House |
| 13:01 | Build | Mining Camp |
| 13:06 | Queue | Villager (Male) |
| 13:34 | Build | Blacksmith |
| 13:50 | Queue | Villager (Male) |
| 14:03 | Build | Farm |
| 14:30 | Build | House |
| 14:31 | Build | House |
| 14:33 | Build | Palisade Wall |
| 14:38 | Research | Castle Age |
| 15:03 | Build | Watch Tower |
| 15:17 | Research | Fletching |
| 15:17 | Research | Fletching |
| 15:59 | Build | Farm |
| 16:05 | Build | Farm |
| 16:26 | Queue | Villager (Male) |
| 17:14 | Research | Padded Archer Armor |
| 17:21 | Age | Castle Age |
| 18:12 | Queue | Villager (Male) |
| 18:12 | Queue | Villager (Male) |
| 18:12 | Queue | Villager (Male) |
| 18:29 | Build | Castle |
| 18:42 | Build | Lumber Camp |
| 19:18 | Queue | Villager (Male) |
| 19:20 | Queue | Conquistador |
| 19:32 | Queue | Conquistador |
| 19:36 | Queue | Villager (Male) |
| 20:05 | Build | House |
| 20:20 | Queue | Conquistador |
| 20:56 | Build | Farm |
| 20:56 | Build | Farm |
| 20:58 | Queue | Conquistador |
| 21:31 | Queue | Villager (Male) |
| 21:36 | Build | Farm |
| 22:18 | Queue | Conquistador |
| 22:18 | Queue | Conquistador |
| 22:18 | Queue | Conquistador |
| 22:32 | Build | Lumber Camp |
| 22:39 | Build | Farm |
| 22:44 | Build | Farm |
| 22:44 | Build | Farm |
| 22:45 | Queue | Villager (Male) |
| 23:25 | Queue | Villager (Male) |
| 23:31 | Build | Farm |
| 23:38 | Build | Mining Camp |
| 23:46 | Queue | Villager (Male) |
| 23:46 | Queue | Villager (Male) |
| 23:51 | Build | Farm |
| 24:25 | Queue | Villager (Male) |
| 24:26 | Queue | Villager (Male) |
| 24:31 | Build | Farm |
| 24:33 | Build | Farm |
| 24:45 | Build | Farm |
| 24:48 | Build | Farm |
| 24:49 | Queue | Villager (Male) |
| 24:51 | Build | Farm |
| 24:51 | Build | Farm |
| 25:12 | Build | Farm |
| 25:30 | Build | Farm |
| 25:46 | Queue | Conquistador |
| 25:48 | Queue | Villager (Male) |
| 26:00 | Queue | Villager (Male) |
| 26:03 | Build | Farm |
| 26:04 | Queue | Conquistador |
| 26:04 | Queue | Conquistador |
| 26:14 | Research | Double-Bit Axe |
| 26:26 | Build | Farm |
| 26:44 | Queue | Conquistador |
| 26:51 | Build | Farm |
| 26:57 | Build | Farm |
| 27:08 | Build | Farm |
| 27:10 | Build | Farm |
| 27:10 | Build | Farm |
| 27:34 | Research | Leather Archer Armor |
| 27:34 | Research | Leather Archer Armor |
| 28:02 | Build | Lumber Camp |
| 28:03 | Queue | Conquistador |
| 28:03 | Queue | Conquistador |
| 28:03 | Queue | Conquistador |
| 28:10 | Queue | Conquistador |
| 28:38 | Queue | Villager (Male) |
| 28:39 | Queue | Villager (Male) |
Build order — SL-rooike
First 150 of 218 actions detected
| 0:05 | Queue | Villager (Male) |
| 0:06 | Queue | Villager (Male) |
| 0:06 | Queue | Villager (Male) |
| 0:06 | Queue | Villager (Male) |
| 0:06 | Queue | Villager (Male) |
| 1:15 | Queue | Villager (Male) |
| 1:15 | Queue | Villager (Male) |
| 2:06 | Queue | Villager (Male) |
| 2:06 | Queue | Villager (Male) |
| 2:16 | Queue | Villager (Male) |
| 2:16 | Queue | Villager (Male) |
| 2:19 | Build | Lumber Camp |
| 2:58 | Queue | Villager (Male) |
| 2:58 | Queue | Villager (Male) |
| 2:58 | Queue | Villager (Male) |
| 3:50 | Queue | Villager (Male) |
| 3:50 | Queue | Villager (Male) |
| 3:50 | Queue | Villager (Male) |
| 4:29 | Queue | Villager (Male) |
| 4:29 | Queue | Villager (Male) |
| 4:29 | Queue | Villager (Male) |
| 4:48 | Queue | Villager (Male) |
| 5:18 | Build | Mill |
| 5:40 | Queue | Villager (Male) |
| 6:21 | Queue | Villager (Male) |
| 6:55 | Queue | Villager (Male) |
| 7:12 | Research | Loom |
| 7:12 | Research | Loom |
| 7:41 | Research | Feudal Age |
| 7:56 | Build | Barracks |
| 9:28 | Build | Mining Camp |
| 9:50 | Queue | Villager (Male) |
| 9:55 | Age | Feudal Age |
| 10:27 | Queue | Villager (Male) |
| 10:30 | Research | Double-Bit Axe |
| 10:40 | Build | Watch Tower |
| 10:50 | Queue | Villager (Male) |
| 11:11 | Queue | Villager (Male) |
| 11:11 | Queue | Villager (Male) |
| 11:23 | Build | Blacksmith |
| 11:53 | Build | Palisade Wall |
| 11:54 | Build | Palisade Wall |
| 11:55 | Build | Palisade Wall |
| 12:03 | Build | Watch Tower |
| 12:14 | Queue | Villager (Male) |
| 12:15 | Queue | Villager (Male) |
| 12:19 | Research | Fletching |
| 12:20 | Research | Fletching |
| 12:42 | Queue | Villager (Male) |
| 12:57 | Queue | Villager (Male) |
| 13:46 | Build | Archery Range |
| 13:48 | Queue | Villager (Male) |
| 13:49 | Queue | Villager (Male) |
| 14:08 | Queue | Villager (Male) |
| 14:16 | Build | Mining Camp |
| 14:21 | Queue | Skirmisher |
| 14:34 | Queue | Villager (Male) |
| 15:02 | Build | Watch Tower |
| 15:06 | Queue | Skirmisher |
| 15:08 | Queue | Villager (Male) |
| 15:14 | Queue | Villager (Male) |
| 15:17 | Build | Farm |
| 15:17 | Build | Farm |
| 15:19 | Build | Farm |
| 15:20 | Build | Farm |
| 15:21 | Build | Farm |
| 15:24 | Build | Farm |
| 15:24 | Build | Farm |
| 15:28 | Build | Farm |
| 16:02 | Build | Farm |
| 16:04 | Build | Farm |
| 16:31 | Build | Watch Tower |
| 16:33 | Queue | Villager (Male) |
| 16:34 | Queue | Villager (Male) |
| 16:52 | Queue | Villager (Male) |
| 17:01 | Build | Farm |
| 17:53 | Build | Watch Tower |
| 18:04 | Build | Watch Tower |
| 18:07 | Queue | Villager (Male) |
| 18:08 | Build | Farm |
| 18:09 | Build | Farm |
| 18:14 | Queue | Villager (Male) |
| 18:22 | Build | Market |
| 18:25 | Build | Palisade Wall |
| 18:28 | Queue | Villager (Male) |
| 18:40 | Queue | Villager (Male) |
| 18:42 | Build | Farm |
| 18:44 | Queue | Villager (Male) |
| 18:54 | Build | Lumber Camp |
| 19:27 | Queue | Villager (Male) |
| 19:36 | Build | Palisade Wall |
| 19:38 | Build | Palisade Wall |
| 19:42 | Build | Palisade Wall |
| 19:57 | Queue | Villager (Male) |
| 20:39 | Build | Watch Tower |
| 20:43 | Build | Watch Tower |
| 20:49 | Research | Castle Age |
| 20:59 | Build | Mining Camp |
| 21:13 | Build | Watch Tower |
| 21:20 | Build | Palisade Wall |
| 22:04 | Build | Archery Range |
| 22:11 | Research | Padded Archer Armor |
| 22:37 | Queue | Villager (Male) |
| 22:44 | Queue | Archer |
| 22:52 | Build | Archery Range |
| 23:21 | Queue | Archer |
| 23:26 | Queue | Villager (Male) |
| 23:42 | Age | Castle Age |
| 23:45 | Research | Crossbowman (upgrade) |
| 23:46 | Queue | Archer |
| 23:55 | Research | Bodkin Arrow |
| 23:55 | Research | Bodkin Arrow |
| 23:59 | Queue | Villager (Male) |
| 24:08 | Queue | Archer |
| 24:08 | Queue | Archer |
| 24:08 | Queue | Archer |
| 24:30 | Queue | Villager (Male) |
| 24:31 | Queue | Archer |
| 24:37 | Queue | Villager (Male) |
| 24:50 | Queue | Archer |
| 24:59 | Queue | Archer |
| 25:01 | Queue | Villager (Male) |
| 25:11 | Research | Gold Mining |
| 25:13 | Queue | Archer |
| 25:14 | Queue | Villager (Male) |
| 25:31 | Build | Town Center |
| 25:35 | Queue | Archer |
| 25:56 | Queue | Archer |
| 26:00 | Build | Farm |
| 26:08 | Research | Horse Collar |
| 26:16 | Build | Farm |
| 26:20 | Queue | Archer |
| 26:22 | Queue | Archer |
| 26:24 | Queue | Villager (Male) |
| 26:27 | Research | Wheelbarrow |
| 26:27 | Research | Wheelbarrow |
| 26:37 | Build | Farm |
| 26:43 | Queue | Villager (Male) |
| 26:45 | Queue | Archer |
| 26:53 | Build | Farm |
| 26:59 | Queue | Villager (Male) |
| 27:02 | Queue | Archer |
| 27:19 | Queue | Villager (Male) |
| 27:21 | Queue | Archer |
| 27:25 | Queue | Villager (Male) |
| 27:57 | Queue | Archer |
| 27:58 | Queue | Villager (Male) |
| 27:59 | Build | Farm |
| 28:00 | Build | Farm |
| 28:01 | Queue | Villager (Male) |
Match timeline
| 5:33 | Penéfago · wall_segment Palisade Wall x2 |
| 5:47 | Penéfago · wall_segment Palisade Wall x5 |
| 6:07 | Penéfago · wall_segment Palisade Wall x5 |
| 7:56 | SL-rooike · first_building Barracks |
| 8:18 | Penéfago · wall_segment Palisade Wall x3 |
| 8:20 | Penéfago · wall_segment Palisade Wall x6 |
| 8:55 | Penéfago · wall_segment Palisade Wall x2 |
| 8:56 | Penéfago · wall_segment Palisade Wall x1 |
| 9:15 | Penéfago · wall_segment Palisade Wall x13 |
| 9:20 | Penéfago · wall_segment Palisade Wall x1 |
| 9:31 | Penéfago · wall_segment Palisade Wall x1 |
| 9:47 | Penéfago · wall_segment Palisade Wall x1 |
| 9:49 | Penéfago · wall_segment Palisade Wall x1 |
| 9:55 | SL-rooike · age_up feudal |
| 10:55 | Penéfago · age_up feudal |
| 11:53 | SL-rooike · wall_segment Palisade Wall x1 |
| 11:54 | SL-rooike · wall_segment Palisade Wall x1 |
| 11:55 | SL-rooike · wall_segment Palisade Wall x1 |
| 13:46 | SL-rooike · first_building Archery Range |
| 14:00 | Penéfago · first_market_sell 100 food |
| 14:33 | Penéfago · wall_segment Palisade Wall x1 |
| 17:21 | Penéfago · age_up castle |
| 18:25 | SL-rooike · wall_segment Palisade Wall x1 |
| 18:29 | Penéfago · first_building Castle |
| 19:36 | SL-rooike · wall_segment Palisade Wall x1 |
| 19:38 | SL-rooike · wall_segment Palisade Wall x1 |
| 19:42 | SL-rooike · wall_segment Palisade Wall x1 |
| 20:47 | SL-rooike · first_market_buy 100 food |
| 21:20 | SL-rooike · wall_segment Palisade Wall x7 |
| 23:42 | SL-rooike · age_up castle |
| 24:06 | SL-rooike · first_market_sell 100 wood |
| 29:58 | Penéfago · first_building Siege Workshop |
| 31:53 | Penéfago · wall_segment Stone Wall x7 |
| 31:56 | Penéfago · wall_segment Stone Wall x11 |
| 32:34 | SL-rooike · first_building Monastery |
| 35:01 | Penéfago · resign |
[ AI ANALYSIS · 1 CREDIT ]
What really happened in this match?
Wolo.gg analyzes every decision: build order, eco, micro, common mistakes by bracket. Personalized analysis on WhatsApp or Discord in 30 seconds.
Civ guide
Spanish
Perfil
Penéfago